 Dungeon Crawl Stone Soup version 0.23.0 (webtiles) character file.

Game seed: 665208394115741838

1359 MalarOregon the Caller (level 8, -3/52 HPs)
             Began as a Merfolk Summoner on Feb 14, 2019.
             Was an Initiate of Gozag.
             Shot with an arrow by a centaur (5 damage)
             ... on level 7 of the Dungeon.
             The game lasted 00:32:46 (8272 turns).

MalarOregon the Caller (Merfolk Summoner)           Turns: 8272, Time: 00:32:47

Health: -3/52      AC:  4    Str:  9    XL:     8   Next: 64%
Magic:  8/21       EV: 13    Int: 16    God:    Gozag
Gold:   533        SH:  0    Dex: 14    Spells: 4/13 levels left

rFire    . . .     SeeInvis .   z - +9 flail of the Several Emperors {crush, +Blink}
rCold    . . .     Gourm    .   (no shield)
rNeg     . . .     Faith    .   a - +0 robe
rPois    .         Spirit   .   (no helmet)
rElec    .         Reflect  .   k - +1 cloak
rCorr    .         Harm     .   (no gloves)
MR       .....                  (no boots)
Stlth    ++........             (no amulet)
HPRegen  0.17/turn              v - ring of flight
MPRegen  0.17/turn              y - ring of magical power

@: no status effects
A: change form in water, swift swim, stealthy swim
a: Potion Petition, Call Merchant, Bribe Branch, Renounce Religion, Evoke Blink,
Evoke Flight


You were on level 7 of the Dungeon.
You worshipped Gozag.
Gozag was pleased with you.
You were very hungry.

You visited 2 branches of the dungeon, and saw 8 of its levels.

You collected 636 gold pieces.
You paid 103 gold pieces to Gozag.

Inventory:

Hand Weapons
 z - the +9 flail of the Several Emperors (weapon) {crush, +Blink}
   (You found it on level 6 of the Dungeon)

   It inflicts extra damage upon your enemies.
   It lets you blink.
 E - a +0 blowgun
   (You took it off a kobold on level 3 of the Dungeon)
Missiles
 C - a sling bullet
 D - 5 curare-tipped needles {!f}
 F - 15 poisoned needles
 H - 7 tomahawks (quivered)
Armour
 a - a +0 robe (worn)
 k - a +1 cloak (worn)
   (You found it on level 2 of the Dungeon)
Jewellery
 v - a ring of flight (left hand)
   (You found it on level 3 of the Dungeon)
 y - a ring of magical power (right hand)
   (You found it on level 5 of the Dungeon)
 K - an uncursed ring of fire
   (You found it on level 7 of the Dungeon)
Wands
 d - a wand of iceblast (16)
   (You found it on level 7 of the Dungeon)
 t - a wand of flame (19)
   (You found it on level 3 of the Dungeon)
Scrolls
 b - 9 scrolls of identify {@r1}
 i - a scroll of blinking {unknown}
 j - 4 scrolls of teleportation {@r4}
 l - a scroll of amnesia
 q - a scroll of immolation {!r}
 r - a scroll of enchant weapon {unknown}
 x - a scroll of fog {unknown}
 I - 5 scrolls of remove curse {@r2}
Potions
 c - a potion of magic {unknown}
 f - 2 potions of degeneration {unknown}
 g - 2 potions of invisibility {unknown}
 h - a potion of agility {unknown}
 m - 3 potions of haste {@q3}
 n - a potion of resistance {unknown}
 o - a potion of lignification {unknown}
 p - 3 potions of flight {unknown}
 s - 3 potions of heal wounds {unknown}
 u - 3 potions of might {unknown}
 w - 2 potions of curing {@q1}
 A - a potion of berserk rage {unknown}
 B - a potion of mutation {unknown}
 G - a potion of ambrosia {unknown}
Comestibles
 e - 16 rations {!d}


   Skills:
 - Level 2.6 Dodging
 - Level 2.1 Stealth
 - Level 3.1 Spellcasting
 - Level 7.2 Summonings
 + Level 4.1 Air Magic
 * Level 5.7 Evocations


You had 4 spell levels left.
You knew the following spells:

 Your Spells              Type           Power        Failure   Level  Hunger
c - Call Canine Familiar  Summ           ####....     2%          3    ###....
x - Call Imp              Summ           ####....     1%          2    ##.....
z - Summon Lightning Spi  Summ/Air       ###.....     19%         4    ####...

Your spell library contained the following spells:

 Spells                   Type           Power        Failure   Level  Hunger
 Summon Small Mammal      Summ           ####         1%          1    None
 Summon Guardian Golem    Hex/Summ       ##......     13%         3    ###....
 Summon Ice Beast         Ice/Summ       ##......     38%         4    ####...


Dungeon Overview and Level Annotations

Branches:
Dungeon (7/15)             Temple (1/1) D:6

Altars:
Ashenzari
Cheibriados
Dithmenos
Elyvilon
Fedhas
Gozag
Kikubaaqudgha
Makhleb
Nemelex Xobeh
Okawaru
Qazlal
Sif Muna
Trog
Uskayaw
Vehumet
Wu Jian
Yredelemnul
Zin
The Shining One


Message History

An electric hum fills the air.
The centaur shoots an arrow.
The arrow misses your crimson imp. The arrow hits your lightning spire.
Your crimson imp hits the centaur but does no damage. x2
The centaur unwields a +0 shortbow.
The centaur barely misses your crimson imp.
Your crimson imp blinks! x2
The centaur wields a +0 shortbow.
The centaur shoots an arrow.
The arrow hits your lightning spire.
You swap places.
Your shadow imp gestures at the centaur.
The centaur writhes in agony!
The centaur shoots an arrow.
The arrow hits your lightning spire!
The centaur shoots an arrow.
The arrow hits your lightning spire!
Your lightning spire is destroyed!
You see here 4 arrows.
The centaur shoots an arrow.
The arrow hits your crimson imp.
Your crimson imp hits the centaur but does no damage.
The centaur shoots an arrow.
The arrow barely misses your crimson imp.
The arrow barely misses you. Something misses your crimson imp.
An electric hum fills the air.
Your crimson imp blinks!
The centaur wields a +0 shortbow.
The centaur shoots an arrow.
The arrow hits your lightning spire!
Something hits your lightning spire but does no damage.
Something hits your lightning spire.
There is an open door here.
There's a creature in the doorway!
You swap places.
You are feeling very hungry.
As you close the door, it creaks loudly!
You start resting.
A centaur opens the door.
Okay, then.
Here: a centaur (moderately wounded)
The floor.
The centaur misses you.
There is an open door here.
An electric hum fills the air.
The centaur hits you!
* * * LOW HITPOINT WARNING * * *
The centaur hits you.
* * * LOW HITPOINT WARNING * * *
You swap places.
Your crimson imp closely misses the centaur.
The centaur wields a +0 shortbow.
The centaur shoots an arrow.
The arrow barely misses your crimson imp.
The arrow hits you.
You die...
Your body crumbles into a pile of gold.

########## #.#
#.......8# #.#
#8######c# #.# #.#
####5## #.# #(#
#...@.# #.# #.#
#.....# ###### #.#
#.# #.....# #....#
#.# #.#
#.....###....####.###
#c#
###..=...............
#(#
###>...............
#(# #####............
#.# ##.##.#..###. #5#
#.##.#).# #.


You could see a centaur, a friendly lightning spire and a friendly crimson imp.

Vanquished Creatures
  A sky beast (D:7)
  An ice beast (D:5)
  A centaur (D:7)
  A big kobold (D:3)
  Blork the orc (D:6)
  A bullfrog (D:7)
  A crimson imp (D:7)
  A centaur zombie (D:7)
  An orc priest (D:7)
  Jessica (D:2)
  An iguana (D:6)
  An orc wizard (D:4)
  5 worker ants
  A gnoll (D:6)
  2 adders
  3 adder zombies
  A worm (D:4)
  6 orcs
  3 giant cockroaches
  A goblin (D:3)
  3 hobgoblins
  3 jackals
  5 kobolds
  2 quokkas
  A ball python (D:2)
  A bat (D:3)
  3 frilled lizards
  A jackal skeleton (D:4)
  A quokka zombie (D:4)
  3 rats
  A butterfly (D:6)
58 creatures vanquished.

Vanquished Creatures (collateral kills)
  The ghost of marthius the Digger, an amateur DEEE (D:3)
  An orc warrior (D:6)
  2 ogres
  A centaur (D:5)
  A scorpion (D:7)
  3 wights (D:7)
  A crimson imp (D:5)
  A bullfrog zombie (D:5)
  A hound (D:7)
  A bullfrog skeleton (D:4)
  A centaur skeleton (D:4)
  An iguana (D:7)
  3 orc wizards
  Terence (D:3)
  A worker ant (D:5)
  5 adders (D:2)
  A shadow imp (D:7)
  3 oozes
  A leopard gecko (D:2)
  8 orcs
  A giant cockroach (D:1)
  4 goblins
  5 hobgoblins
  A quokka (D:2)
  A ball python (D:1)
  4 bats
  9 kobolds
  A leopard gecko skeleton (D:4)
  A quokka skeleton (D:4)
  3 rats (D:1)
68 creatures vanquished.

Grand Total: 126 creatures vanquished

Notes
Turn   | Place    | Note
-------+----------+-------------------------------------------
     0 | D:1      | MalarOregon the Merfolk Summoner began the quest for the
                  | Orb.
     0 | D:1      | Reached XP level 1. HP: 13/13 MP: 3/3
   673 | D:1      | Reached XP level 2. HP: 19/19 MP: 0/5
   734 | D:1      | Learned a level 2 spell: Call Imp
  1457 | D:2      | Reached XP level 3. HP: 24/24 MP: 2/6
  1613 | D:2      | Learned a level 3 spell: Call Canine Familiar
  1655 | D:2      | Noticed Jessica
  1672 | D:2      | Killed Jessica
  1672 | D:2      | Reached skill level 5 in Summonings
  1672 | D:2      | Reached XP level 4. HP: 17/30 MP: 2/8
  1792 | D:2      | Found a stormy altar of Qazlal.
  2148 | D:3      | Found a runed translucent gate.
  2148 | D:3      | Found a runed translucent gate.
  2148 | D:3      | Found a runed translucent gate.
  2150 | D:3      | Noticed marthius's ghost (amateur DEEE)
  2151 | D:3      | Noticed a big kobold
  2211 | D:3      | Noticed Terence
  2228 | D:3      | Killed Terence
  2409 | D:3      | Found an opulent altar of Gozag.
  2409 | D:3      | Found a shadowy altar of Dithmenos.
  2898 | D:4      | Reached XP level 5. HP: 30/35 MP: 2/9
  2963 | D:4      | Learned a level 4 spell: Summon Lightning Spire
  3214 | D:4      | Found a shattered altar of Ashenzari.
  3252 | D:4      | Found an ancient bone altar of Kikubaaqudgha.
  3315 | D:4      | Reached skill level 6 in Summonings
  3463 | D:4      | Reached skill level 1 in Air Magic
  3476 | D:4      | Reached XP level 6. HP: 41/41 MP: 8/10
  3803 | D:5      | Entered Level 5 of the Dungeon
  3953 | D:5      | Noticed an ice beast
  3983 | D:5      | Killed an ice beast
  4412 | D:5      | Reached skill level 7 in Summonings
  4575 | D:5      | Reached XP level 7. HP: 31/46 MP: 11/11
  5054 | D:6      | Got a scorched flail
  5055 | D:6      | Identified the +9 flail of the Several Emperors {crush,
                  | +Blink} (You found it on level 6 of the Dungeon)
  5150 | D:6      | Found an iron altar of Okawaru.
  5221 | D:6      | Reached skill level 1 in Evocations
  5626 | D:6      | Found a glowing golden altar of the Shining One.
  5779 | D:6      | Found a sparkling altar of Nemelex Xobeh.
  6088 | D:6      | Found a staircase to the Ecumenical Temple.
  6181 | Temple   | Entered the Ecumenical Temple
  6369 | D:3      | Became a worshipper of Gozag Ym Sagoz the Greedy
  6416 | D:3      | Killed marthius's ghost
  6776 | D:6      | Found an ornate altar of the Wu Jian Council.
  6809 | D:6      | Noticed Blork the orc
  6815 | D:6      | Killed Blork the orc
  7030 | D:7      | Reached XP level 8. HP: 52/52 MP: 12/12
  7456 | D:7      | Reached skill level 5 in Evocations
  8271 | D:7      | HP: 2/52 [centaur (2)]
  8272 | D:7      | Shot with an arrow by a centaur

Skill      XL: |  1  2  3  4  5  6  7  8 |
---------------+-------------------------+-----
Summonings     | 5 6 7 |  7.2
Spellcasting   | 3 |  3.1
Air Magic      | 1 2 3 4 |  4.1
Evocations     | 3 5 |  5.7
Dodging        | |  2.6
Stealth        | |  2.1

Action                   |  1- 3 |  4- 6 |  7- 9 || total
-------------------------+-------+-------+-------++-------
Melee: Unarmed           |     5 |       |       ||     5
       Dagger            |    11 |       |       ||    11
       Flail             |       |       |    97 ||    97
 Fire: Hunting sling     |    11 |   135 |     6 ||   152
 Cast: Summon Small Mamm |    21 |       |       ||    21
       Call Imp          |    20 |    29 |    31 ||    80
       Call Canine Famil |       |     5 |     1 ||     6
       Summon Lightning  |       |     6 |    20 ||    26
 Abil: Evoke Blink       |       |       |     1 ||     1
  Use: Scroll            |       |     5 |     5 ||    10
 Stab: Sleeping          |       |       |     3 ||     3
  Eat: Chunk             |     4 |    10 |     5 ||    19
       Ration            |       |     1 |     3 ||     4
Armor: Robe              |     7 |     8 |    27 ||    42
Dodge: Dodged            |    16 |    36 |    76 ||   128
